 Dungeon Crawl Stone Soup version 0.24-a0-271-ga0fc33f (webtiles) character file.

Game seed: 9764437366897076449

2353 Ijustatesigmund the Cleaver (level 9, 0/62 HPs)
             Began as an Octopode Fighter on Apr 24, 2019.
             Succumbed to a hornet's poison
             ... while paralysed
             ... on level 7 of the Dungeon.
             The game lasted 00:14:00 (6667 turns).

Ijustatesigmund the Cleaver (Octopode Fighter)      Turns: 6667, Time: 00:14:02

Health: 0/62       AC:  6    Str: 15    XL:     9   Next: 43%
Magic:  11/11      EV:  2    Int: 13    God:
Gold:   272        SH:  0    Dex: 19    Spells: 8/8 levels left

rFire    . . .     SeeInvis +   a - +1 war axe
rCold    . . .     Gourm    .   b - +2 shield
rNeg     . . .     Faith    .   h - +2 hat
rPois    .         Spirit   .   (no amulet)
rElec    .         Reflect  .   j - ring of see invisible
rCorr    .         Harm     .   (no ring)
MR       .....                  (no ring)
Stlth    +++++.....             (no ring)
HPRegen  0.20/turn              (no ring)
MPRegen  0.12/turn              (no ring)
                                (no ring)
                                (no ring)

@: paralysed, agile, lethally poisoned (0 -> -5), berserk cooldown, slowed
A: almost no armour, stealthy swim, amphibious, 8 rings, constrict 8, thin
metallic scales 1, camouflage 1, see invisible, clever 1, shaggy fur 1, wild
magic 1, gelatinous body 1
a: no special abilities


You were on level 7 of the Dungeon.
You were very hungry.

You visited 1 branch of the dungeon, and saw 7 of its levels.
You also visited: Sewer.

You collected 332 gold pieces.
You spent 60 gold pieces at shops.

Inventory:

Hand Weapons
 a - a +1 war axe (weapon)
 i - a +2 flail of protection
Missiles
 n - 3 throwing nets (quivered)
Armour
 b - a +2 shield (worn)
 h - a +2 hat (worn)
Jewellery
 j - a ring of see invisible (left tentacle)
 p - an uncursed ring of poison resistance
Wands
 e - a wand of flame (7)
 g - a wand of acid (2)
Scrolls
 f - 5 scrolls of amnesia
 l - 2 scrolls of remove curse
 q - 3 scrolls of teleportation
 u - a scroll of magic mapping
Potions
 c - 2 potions of cancellation
 k - 2 potions of flight
 m - 2 potions of resistance
 t - a potion of agility
Comestibles
 d - 10 rations


   Skills:
 + Level 6.2 Fighting
 + Level 8.2 Axes
 - Level 5.1 Dodging
 + Level 4.6 Stealth
 - Level 5.1 Shields
 + Level 3.4 Evocations


You had 8 spell levels left.
You didn't know any spells.
Your spell library contained the following spells:

 Spells                   Type           Power        Failure   Level  Hunger
 Confusing Touch          Hex            #.....       80%         1    ##.....
 Confuse                  Hex            #.......     98%         3    ####...
 Gell's Gravitas          Tloc           #.........   98%         3    ####...
 Petrify                  Tmut/Erth      #.......     100%        4    #####..
 Metabolic Englaciation   Hex/Ice        #.........   100%        5    ######.
 Yara's Violent Unravell  Hex/Tmut       #.........   100%        5    ######.


Dungeon Overview and Level Annotations

Branches:
Dungeon (7/15)             Temple (0/1) D:5

Altars:
Cheibriados
Elyvilon
Hepliaklqana
Makhleb
Okawaru
Ru
Trog
Uskayaw
Wu Jian
Xom

Shops:
D:7 *

Annotations:
D:6 2 transporters, p0werm0de's ghost, amateur DrWz


Innate Abilities, Weirdness & Mutations

You cannot wear most types of armour.
You are very stealthy in the water. (Stealth+)
You are amphibious.
You can wear up to eight rings at the same time.
You can use your tentacles to constrict eight enemies at once.
Your skin changes colour to match your surroundings (Stealth+).
Your rubbery body absorbs attacks. (AC +1, EV +1)
You are partially covered in thin metallic scales. (AC +2)
You have supernaturally acute eyesight. (SInv)
Your mind is acute. (Int +2)
You are covered in fur. (AC +1)
Your spells are a little harder to cast, but a little more powerful.


Message History

You feel sick.
* * * LOW HITPOINT WARNING * * *
You feel sick.
It was a potion of berserk rage.
A red film seems to cover your vision as you go berserk!
You feel yourself moving faster!
You feel mighty!
* * * LOW HITPOINT WARNING * * *
You feel sick.
You feel a strong urge to attack something.
* * * LOW HITPOINT WARNING * * *
You feel sick.
You feel your anger nearly subside.
* * * LOW HITPOINT WARNING * * *
You feel sick.
You are no longer berserk.
You pass out from exhaustion.
You feel yourself slow down.
* * * LOW HITPOINT WARNING * * *
You feel sick.
You die...

#.###### ##.# ##y# ..F# ###
##.### #.# #...# #.# ###.###
#.# #..)..#
###############.#####
#.....###......@.......#....#
#..[......#############)###.#
#.....#####........)...^# #.#
#.....# #.###############.##
#.#.### #.# #.†)# #.#.# #.#
##...## #.#.# #.# #.....# #(#.#
#.# #....##
#.#.#######.#############.._..#


There were no monsters in sight!

Vanquished Creatures
  Prince Ribbit (D:5)
  Sigmund (D:2)
  An orc warrior (D:6)
  A black bear (D:6)
  5 ogres
  3 bullfrogs
  A water moccasin skeleton (D:4)
  A howler monkey (D:7)
  4 crimson imps
  2 hounds
  2 orc priests (D:6)
  A jelly (D:7)
  2 bullfrog zombies
  2 centaur skeletons
  A gnoll shaman (D:4)
  Terence (D:2)
  5 orc wizards
  9 worker ants
  9 gnolls
  7 adders
  2 howler monkey skeletons
  A shadow imp (D:7)
  An ooze (D:3)
  An adder zombie (D:7)
  An adder skeleton (D:6)
  A worm (D:2)
  5 dart slugs
  10 leopard geckos
  16 orcs
  A ball python (Sewer)
  4 bats
  15 giant cockroaches
  10 goblins
  12 hobgoblins
  9 jackals
  3 quokkas
  6 frilled lizards
  3 kobolds
  2 quokka skeletons
  6 rats
168 creatures vanquished.

Notes
Turn   | Place    | Note
-------+----------+-------------------------------------------
     0 | D:1      | Ijustatesigmund the Octopode Fighter began the quest for
                  | the Orb.
     0 | D:1      | Reached XP level 1. HP: 16/16 MP: 1/1
    80 | D:1      | Reached XP level 2. HP: 21/21 MP: 2/2
   130 | D:1      | Reached skill level 3 in Axes
   211 | D:1      | Reached XP level 3. HP: 16/26 MP: 3/3
  1009 | D:2      | Noticed Terence
  1019 | D:2      | Killed Terence
  1019 | D:2      | Reached skill level 4 in Axes
  1019 | D:2      | Reached XP level 4. HP: 25/31 MP: 4/4
  1117 | D:2      | Found a hide-covered altar of Uskayaw.
  1161 | D:2      | Found a hazy altar of Hepliaklqana.
  1266 | D:2      | Found a white marble altar of Elyvilon.
  1287 | D:2      | Noticed Sigmund
  1295 | D:2      | Killed Sigmund
  1295 | D:2      | Reached skill level 6 in Axes
  1295 | D:2      | Reached XP level 5. HP: 34/36 MP: 5/5
  1299 | D:2      | Reached XP level 6. HP: 40/42 MP: 6/6
  1339 | D:2      | Found a shimmering altar of Xom.
  1341 | D:2      | Found a shimmering altar of Xom.
  1393 | D:2      | Found an ornate altar of the Wu Jian Council.
  1871 | D:3      | Found a sacrificial altar of Ru.
  2399 | D:4      | Found a white marble altar of Elyvilon.
  2429 | D:4      | Found a snail-covered altar of Cheibriados.
  2659 | D:4      | Reached XP level 7. HP: 43/46 MP: 7/7
  3050 | D:4      | Found an iron altar of Okawaru.
  3296 | D:5      | Entered Level 5 of the Dungeon
  3344 | D:5      | Found a staircase to the Ecumenical Temple.
  3354 | D:5      | Found a glowing drain.
  3379 | Sewer    | Entered a sewer
  4191 | D:5      | Noticed Prince Ribbit
  4201 | D:5      | Killed Prince Ribbit
  4201 | D:5      | Reached skill level 7 in Axes
  4201 | D:5      | Reached XP level 8. HP: 54/54 MP: 8/8
  4238 | D:5      | Found a bloodstained altar of Trog.
  4408 | D:6      | Reached skill level 5 in Fighting
  4408 | D:6      | Reached skill level 5 in Dodging
  4408 | D:6      | Reached skill level 5 in Shields
  4747 | D:6      | Reached skill level 1 in Stealth
  4781 | D:6      | Reached skill level 1 in Evocations
  4796 | D:6      | Reached XP level 9. HP: 10/61 MP: 8/10
  4803 | D:6      | Gained mutation: You occasionally shout uncontrollably at
                  | your foes. [potion of mutation]
  4803 | D:6      | Gained mutation: Your muscles are strong. (Str +2) [potion
                  | of mutation]
  4803 | D:6      | Gained mutation: One of your tentacles bears a spike.
                  | [potion of mutation]
  4803 | D:6      | Gained mutation: You have supernaturally acute eyesight.
                  | (SInv) [potion of mutation]
  4808 | D:6      | HP: 1/61 [orc wizard/magic dart (4)]
  5080 | D:6      | Lost mutation: Your muscles are strong. (Str +2) [potion of
                  | mutation]
  5080 | D:6      | Lost mutation: You occasionally shout uncontrollably at
                  | your foes. [potion of mutation]
  5080 | D:6      | Lost mutation: One of your tentacles bears a spike. [potion
                  | of mutation]
  5080 | D:6      | Gained mutation: Your spells are a little harder to cast,
                  | but a little more powerful. [potion of mutation]
  5080 | D:6      | Gained mutation: You are covered in fur. (AC +1) [potion of
                  | mutation]
  5080 | D:6      | Gained mutation: Your mind is acute. (Int +2) [potion of
                  | mutation]
  5080 | D:6      | Gained mutation: You are partially covered in thin metallic
                  | scales. (AC +2) [potion of mutation]
  5183 | D:6      | Noticed p0werm0de's ghost (amateur DrWz)
  5193 | D:6      | Found a transporter.
  5197 | D:6      | Found a transporter.
  5308 | D:6      | Found a sacrificial altar of Ru.
  5484 | D:6      | Noticed a hornet
  5540 | D:6      | Reached skill level 8 in Axes
  5905 | D:7      | Found Dedani's General Store.
  5913 | D:7      | Bought a potion of agility for 60 gold pieces
  6003 | D:7      | Got a shimmering glaive
  6096 | D:7      | Found a burning altar of Makhleb.
  6640 | D:7      | Noticed a hornet
  6653 | D:7      | Paralysed by a hornet for 1 turns
  6660 | D:7      | HP: 3/62 [poisoned by a hornet]
  6666 | D:7      | HP: 1/62 [poisoned by a hornet]
  6667 | D:7      | Succumbed to a hornet's poison

Levels and vault maps discovered:
D:1:      grunt_arrival_crossed_arrows, layout_loops_corners,
          minmay_misc_feat_tiny
D:2:      layout_loops_cross, xom_redecorated, eat_drink_and_be_merry_uskayaw,
          lemuel_coloured_pillars_altar, overflow_temple_1_default,
          elyvilon_altar_3, uniq_terence, uniq_sigmund
D:3:      layout_basic, marbit_many_paths, first_ration
D:4:      layout_cave_pods, lemuel_crystal_altar, okawaru_ov_weapons_minmay,
          nicolae_overflow_crystal_walls
D:5:      layout_gridville, kennysheep_mini, minmay_temple_entry_tees,
          gup_sewer_entry_glass, uniq_prince_ribbit1
D:6:      layout_loops_ring, gammafunk_ghost_hive,
          nicolae_ru_great_annihilating_truth
D:7:      layout_loops_ring, makhleb_heckhound_becter, serial_shops,
          shop_fountains, grunt_ogre_cave, kennysheep_small_square
Sewer:    sewer_frog_island_01

Skill      XL: |  1  2  3  4  5  6  7  8  9 |
---------------+----------------------------+-----
Axes           | 3 4 6 7 8 |  8.2
Fighting       | 4 5 6 |  6.2
Dodging        | 4 5 |  5.1
Shields        | 4 5 |  5.1
Stealth        | 2 4 |  4.6
Evocations     | 1 3 |  3.4

Action                   |  1- 3 |  4- 6 |  7- 9 || total
-------------------------+-------+-------+-------++-------
Melee: War axe           |    55 |    79 |   209 ||   343
       Constrict         |    13 |    25 |    56 ||    94
       Tentacles         |     8 |    23 |    49 ||    80
Evoke: Wand              |       |       |     9 ||     9
  Use: Scroll            |     7 |     5 |    12 ||    24
       Potion            |       |     1 |     6 ||     7
 Stab: Distracted        |     1 |       |       ||     1
       Sleeping          |     3 |     4 |     9 ||    16
       Paralysed         |       |       |     1 ||     1
  Eat: Chunk             |       |     5 |     2 ||     7
       Ration            |       |       |     3 ||     3
Armor: Skin              |     2 |     8 |    26 ||    36
Dodge: Dodged            |    16 |    45 |    99 ||   160
Block: Shield            |    14 |    29 |   105 ||   148

Table legend:
 A = Non-vault XP
 B = Vault XP
 C = Vault XP percentage of total XP
 D = Non-vault monster count
 E = Vault monster count
 F = Vault count percentage of total count
                 A         B        C        D         E       F
            +---------+---------+-------+---------+---------+-------
      Total |    2591 |     771 |  22.9 |     138 |      30 |  17.9
            +---------+---------+-------+---------+---------+-------
        D:1 |      62 |       0 |   0.0 |      28 |       0 |   0.0
        D:2 |      41 |     235 |  85.1 |      13 |       2 |  13.3
        D:3 |      31 |       1 |   3.1 |      16 |       1 |   5.9
        D:4 |     388 |       0 |   0.0 |      23 |       0 |   0.0
        D:5 |     286 |     289 |  50.3 |      13 |       3 |  18.8
        D:6 |    1298 |      45 |   3.4 |      32 |       4 |  11.1
        D:7 |     485 |      77 |  13.7 |      13 |       2 |  13.3
      Sewer |       0 |     124 | 100.0 |       0 |      18 | 100.0
            +---------+---------+-------+---------+---------+-------
